 Dungeon Crawl Stone Soup version 0.30-a0-737-gf23d94013f (webtiles) character file.

Game seed: 4736054397970894544

126 Sabo the Gusty (level 4, -7/34 HPs)
             Began as a Draconian Air Elementalist on Feb 1, 2023.
             Killed by nerve-wracking pain
             ... invoked by an orc priest
              (13 damage)
             ... on level 3 of the Dungeon.
             The game lasted 00:15:15 (3284 turns).

Sabo the Gusty (Draconian Air Elementalist)         Turns: 3284, Time: 00:15:16

Health: -7/34      AC:  6    Str: 10    XL:     4   Next: 84%
Magic:  0/8        EV: 12    Int: 17    God:
Gold:   186        SH:  0    Dex: 12    Spells: 7/8 levels left

rFire   . . .      SeeInvis .    j - +0 long sword
rCold   . . .      Faith    .    (no shield)
rNeg    . . .      Spirit   .    (body armour unavailable)
rPois   .          Reflect  .    (helmet restricted)
rElec   .          Harm     .    d - +0 cloak
rCorr   .          Rampage  .    (no gloves)
Will    .....                    (no boots)
Stlth   ++                       (no amulet)
HPRegen 0.25/turn                (no ring)
MPRegen 0.11/turn                (no ring)

@: no status effects
A: AC +5, unfitting armour, cold-blooded
a: no special abilities


You were on level 3 of the Dungeon.
You visited 1 branch of the dungeon, and saw 3 of its levels.

You collected 186 gold pieces.

Inventory:

Hand Weapons
 f - a +0 sling
 j - a +0 long sword (weapon)
Missiles
 h - 9 poisoned darts (quivered)
Armour
 d - a +0 cloak (worn)
Scrolls
 b - a scroll of fog
 c - a scroll of noise {unknown}
 e - a scroll of teleportation
 i - a scroll of torment {unknown}
 m - a scroll of brand weapon {unknown}
Potions
 a - a potion of magic
 g - a potion of heal wounds {unknown}
 k - 2 potions of cancellation {unknown}
 l - a potion of curing {unknown}


   Skills:
 + Level 0.3 Fighting
 * Level 1.8 Long Blades
 + Level 2.0 Dodging
 + Level 2.0 Stealth
 + Level 1.1 Unarmed Combat
 + Level 2.8 Spellcasting
 + Level 1.6 Conjurations
 + Level 3.7 Air Magic


You had 7 spell levels left.
You knew the following spells:

 Your Spells              Type           Power      Damage    Failure   Level
a - Shock                 Conj/Air       44%        1d5       6%          1

Your spell library contained the following spells:

 Spells                   Type           Power      Damage    Failure   Level
 Static Discharge         Conj/Air       22%        2-3/arc   9%          2
 Swiftness                Air            15%        N/A       12%         3
 Necrotise                Necr           8%         1d4       19%         1
 Ensorcelled Hibernation  Hex/Ice        4%         N/A       26%         2
 Passwall                 Tmut/Erth      1%         N/A       26%         2
 Dazzling Flash           Conj/Hex       10%        N/A       36%         3
 Stone Arrow              Conj/Erth      10%        3d7       36%         3
 Airstrike                Air            7%         2d(2-18)  36%         4
 Vampiric Draining        Necr           2%         2d6       47%         3
 Iskenderun's Mystic Bla  Conj/Tloc      5%         2d3       77%         4
 Agony                    Necr           2%         N/A       99%         5
 Starburst                Conj/Fire      2%         6d3       100%        6
 Lehudib's Crystal Spear  Conj/Erth      2%         10d2      100%        8
 Animate Armour           Summ/Erth      Unusable   N/A       N/A         4

Dungeon Overview and Level Annotations

Branches:
Dungeon (3/15)

Altars:


Innate Abilities, Weirdness & Mutations

Your plain brown scales are hard. (AC +5)
You cannot fit into any form of body armour.
You are cold-blooded and may be slowed by cold attacks.


Message History

Press: ? - help, Shift-Dir - straight line, f/p - orc
Aim: an orc, wielding a +2 heavy hand axe and wearing a +0 chain mail (severely wounded, 77% to hit)
The zap misses the orc.
The zap hits the orc priest.
The orc priest is moderately wounded.
A dart slug comes into view.
Casting: Shock (safe; 6% risk of failure)
Confirm with . or Enter, or press ? or * to list all spells.
Aiming: Shock (safe; 6% risk of failure)
Press: ? - help, Shift-Dir - straight line, p - orc The zap hits the orc priest.
The orc priest is moderately wounded.
The orc misses you.
The orc priest invokes the aid of Beogh against you.
Beogh smites you!
* * * LOW HITPOINT WARNING * * *
You slash the orc!
You kill the orc!
Casting: Shock (safe; 6% risk of failure)
Confirm with . or Enter, or press ? or * to list all spells.
Aiming: Shock (safe; 6% risk of failure)
Press: ? - help, Shift-Dir - straight line The zap hits the orc priest.
The orc priest is heavily wounded.
Casting: Shock (safe; 6% risk of failure)
Confirm with . or Enter, or press ? or * to list all spells.
You don't have enough magic to cast this spell.
Unknown command.
You closely miss the orc priest.
The orc priest is heavily wounded.
The orc priest closely misses you.
You hit the orc priest but do no damage.
You tail-slap the orc priest, but do no damage.
The orc priest is heavily wounded.
The orc priest hits you but does no damage.
The orc priest barely misses you.
You hit the orc priest.
Your tail-slap misses the orc priest.
The orc priest is severely wounded.
The orc priest mumbles some strange prayers to Beogh against you.
Pain shoots through your body!
You die...

.#..##..# ##.## ..#.## .## #.#
#.# .##..##..# #.# #.# ........#
##.## ##+## ##.#.#.## #...#
##...## ###...#### #...#
##.....## #........# #...#
##.......##
#....###.######...####.........##
................@)..†'.........+.
#....###.######.o.####....†....##
#(.#.# ##.## ##.......## #.##.#
#w# ##...†.#### #..... #)#
##...## #. ####.## #.# ##'## #.
#.# #)# #.# #. #.# #.# #.# #.
##.## #.


You could see an orc priest and a dart slug.

Vanquished Creatures
  A howler monkey (D:3)
  3 adders
  A dart slug (D:2)
  3 orcs (D:3)
  6 endoplasms
  5 giant cockroaches
  5 goblins
  7 hobgoblins
  2 quokkas
  3 ball pythons
  8 bats
  5 frilled lizards
  3 kobolds (D:1)
  2 rats
54 creatures vanquished.

Vanquished Creatures (others)
  8 plants (D:2)
8 creatures vanquished.

Grand Total: 62 creatures vanquished

Notes
Turn   | Place    | Note
-------+----------+-------------------------------------------
     0 | D:1      | Sabo the Draconian Air Elementalist began the quest for the
                  | Orb.
     0 | D:1      | Reached XP level 1. HP: 14/14 MP: 3/3
   460 | D:1      | Reached XP level 2. HP: 20/20 MP: 3/5
   996 | D:1      | Reached skill level 1 in Unarmed Combat
  1018 | D:1      | Found a faded altar of an unknown god.
  1464 | D:2      | Reached XP level 3. HP: 17/26 MP: 4/6
  1750 | D:2      | Reached skill level 1 in Long Blades
  2655 | D:3      | Reached XP level 4. HP: 26/33 MP: 2/7
  3284 | D:3      | Killed from afar by an orc priest

Illustrated notes

Levels and vault maps discovered:
D:1:      nzn_arrival_settlement, layout_loops_ring,
          shapermc_ecumenical_altar_pompeii
D:2:      layout_loops_ring, serial_bayou_crossing
D:3:      layout_loops_corners, mainiacjoe_overflow_alcove_1

Skill      XL: |  1  2  3  4 |
---------------+-------------+-----
Unarmed Combat | 1 |  1.1
Stealth        | 2 |  2.0
Long Blades    | 1 |  1.8
Dodging        | 2 |  2.0
Fighting       | |  0.3
Spellcasting   | |  2.8
Conjurations   | |  1.6
Air Magic      | |  3.7

Action                     |  1- 3 |  4- 6 || total
---------------------------+-------+-------++-------
  Melee: Unarmed           |    18 |       ||    18
         Mace              |    13 |       ||    13
         Tailslap          |     4 |     3 ||     7
         Long sword        |    42 |    20 ||    62
   Cast: Shock             |    59 |    21 ||    80
    Use: Scroll            |     3 |       ||     3
   Stab: Sleeping          |     1 |       ||     1
 Armour: Skin              |    28 |     3 ||    31
  Dodge: Dodged            |    62 |    19 ||    81

Table legend: (Time is in decaauts)
 A = Elapsed time spent in this place.
 B = Non-inter-level travel time spent in this place.
 C = Inter-level travel time spent in this place.
 D = Time resting spent in this place.
 E = Time spent auto-exploring this place.
 F = Levels seen in this place.
 G = Mean time per level.
                   A        B        C        D        E       F      G
               +--------+--------+--------+--------+--------+-----+--------+
         Total |   3318 |   3318 |      0 |   1006 |      0 |   3 | 1106.0 |
       Dungeon |   3318 |   3318 |      0 |   1006 |      0 |   3 | 1106.0 |
               +--------+--------+--------+--------+--------+-----+--------+

Top non-repeatable levels by time:
     D:2: 1372 daAuts
     D:1: 1132 daAuts
     D:3: 814 daAuts
